 Dungeon Crawl Stone Soup version 0.29-a0-350-g7790a0e70a (webtiles) character file.

Game seed: 5729563404800831090

66603 siradein the Thaumaturge (level 15, -1/109 HPs)
             Began as a Djinni Fire Elementalist on Apr 22, 2022.
             Was the Champion of Makhleb.
             Slain by a skeletal warrior
             ... wielding a +0 glaive
             ... led by a skeletal warrior
              (6 damage)
             ... on level 12 of the Dungeon on Apr 23, 2022.
             The game lasted 01:38:52 (28842 turns).

siradein the Thaumaturge (DjFE)                    Turns: 28842, Time: 01:38:53

Health: -1/109     AC: 14    Str:  7    XL:     15   Next: 62%
Gold:   1113       EV: 16    Int: 24    God:    Makhleb [******] SH:  6 Dex: 14

rFire   + + +      SeeInvis .   N - staff of fire
rCold   x x .      Faith    .   c - +0 buckler
rNeg    . . .      Spirit   .   J - +1 leather armour {Will+}
rPois   ∞          Reflect  .   R - +2 hat {Stlth+}
rElec   .          Harm     .   m - +0 cloak
rCorr   .          Rampage  .   t - +2 pair of gloves {hurl}
Will    ++...                   (boots unavailable)
Stlth   +++++.....              (no amulet)
HPRegen 0.28/turn               L - +4 ring of protection
MPRegen 0.00/turn               F - ring of fire

@: flying
A: sickness immunity, fire resistance 2, cold vulnerability 1, float, innate
caster, HP casting, extra vitality 1, wild magic 1
a: Renounce Religion, Minor Destruction, Lesser Servant of Makhleb, Major
Destruction, Greater Servant of Makhleb


You were on level 12 of the Dungeon.
You worshipped Makhleb.
Makhleb was exalted by your worship.
You visited 2 branches of the dungeon, and saw 18 of its levels.
You also visited: Sewer and Bailey.

You collected 1113 gold pieces.

Inventory:

Hand Weapons
 q - the +7 trident of the Gnashing Madman {freeze, Fly Int+4 Dex+2 SInv Stlth-}
   (You found it in a sewer)

   It freezes those it strikes, dealing additional cold damage.
   It can also slow down cold-blooded creatures.
   Int:       It affects your intelligence (+4).
   Dex:       It affects your dexterity (+2).
   SInv:      It lets you see invisible.
   Fly:       It grants you flight.
   Stlth:     It makes you less stealthy.
Missiles
 W - a throwing net
Armour
 c - a +0 buckler (worn)
 m - a +0 cloak (worn)
 t - a +2 pair of gloves of hurling (worn)
 J - a +1 leather armour of willpower (worn)
 M - a scarf of repulsion
 R - a +2 hat of stealth (worn)
Magical Staves
 s - a staff of death
 N - a staff of fire (weapon)
 Y - a staff of earth
Jewellery
 b - a +6 ring of strength
 d - a +4 ring of protection
 B - a +6 ring of intelligence
 F - a ring of fire (right hand)
 G - a +6 ring of strength
 I - a +6 ring of dexterity
 K - the ring of Xom's Pride {rF- rC+ MP+9 Str+2}
   (You took it off an efreet on level 9 of the Dungeon)

   [ring of magical power]

   Str:       It affects your strength (+2).
   rF:        It makes you vulnerable to fire.
   rC:        It protects you from cold.
   MP:        It affects your magic capacity (+9).
 L - a +4 ring of protection (left hand)
 Q - a ring of ice
 T - an amulet of faith
Wands
 p - a wand of flame (33)
 A - a wand of polymorph (11)
 D - a wand of iceblast (4)
 O - a wand of charming (3)
 S - a wand of mindburst (2)
 U - a wand of digging (13)
 V - a wand of acid (7)
Scrolls
 a - 2 scrolls of torment
 f - 8 scrolls of fog
 h - 5 scrolls of magic mapping
 i - 6 scrolls of enchant weapon
 l - 5 scrolls of blinking
 w - 2 scrolls of immolation
 x - 2 scrolls of summoning
 y - 7 scrolls of teleportation
 P - 2 scrolls of fear
Potions
 e - 2 potions of heal wounds
 g - 3 potions of mutation
 j - 3 potions of might
 k - 10 potions of curing
 n - 2 potions of invisibility {unknown}
 o - a potion of experience {unknown}
 r - 2 potions of cancellation {unknown}
 u - a potion of ambrosia {unknown}
 v - 2 potions of resistance {unknown}
 z - 3 potions of flight {unknown}
 C - 3 potions of lignification {unknown}
 E - 2 potions of berserk rage
 H - a potion of brilliance {unknown}
Miscellaneous
 X - a phantom mirror


   Skills:
 + Level 10.6 Fighting
 + Level 11.9 Dodging
 - Level 8.0 Stealth
 + Level 10.3 Shields
 * Level 12.0 Spellcasting
 + Level 9.9 Evocations


You couldn't memorise any spells.
You knew the following spells:

 Your Spells              Type           Power      Damage    Failure   Level
a - Foxfire               Conj/Fire      100%       2x1d9     1%          1
b - Scorch                Fire           100%       2d10      1%          2
c - Conjure Flame         Conj/Fire      100%       6-21      1%          3
d - Inner Flame           Hex/Fire       100%       N/A       1%          3
e - Flame Wave            Conj/Fire      100%       2d17      1%          4
f - Sting                 Tmut/Pois      100%       1d8       1%          1
g - Static Discharge      Conj/Air       76%        N/A       1%          2
h - Ignite Poison         Fire/Tmut/Pois 100%       N/A       1%          3
i - Passage of Golubria   Tloc           76%        N/A       1%          4
j - Hailstorm             Conj/Ice       76%        3d16      1%          4
k - Yara's Violent Unrav  Hex/Tmut       38%        3d15      3%          5
l - Summon Cactus Giant   Summ           38%        N/A       13%         6
Your spell library was empty.

Dungeon Overview and Level Annotations

Branches:
Dungeon (12/15)            Temple (0/1) D:5            Lair (6/6) D:11
 Shoals (0/4) Lair:3        Snake (0/4) Lair:3        Slime (0/5) Lair:6
    Orc (0/2) D:11          Sewer (visited)          Bailey (visited)

Altars:
Ashenzari
Elyvilon
Fedhas
Gozag
Hepliaklqana
Kikubaaqudgha
Okawaru
Ru
Sif Muna
Trog
Uskayaw
Wu Jian
Xom
The Shining One
Beogh
Lugonu

Shops:
D:9 *

Portals:
Abyss: Lair:6

Annotations:
Lair:5 1 runed translucent door, spaghetti's ghost, journeyman OpFi


Innate Abilities, Weirdness & Mutations

You are immune to sickness and miasma.
You are immune to poison.
Your flesh is very heat resistant. (rF++)
You are vulnerable to cold. (rC-)
You float through the air rather than walking.
You learn spells naturally, not from books.
Your magical power is your life essence.
You have superior vitality. (+4 MHP)
Your spells are a little harder to cast, but a little more powerful.


Message History

The skeletal warrior hits you but does no damage.
A wave of flame ripples out!
The flame wave engulfs the boulder beetle.
The boulder beetle is severely wounded.
The flame wave engulfs the skeletal warrior but does no damage.
The skeletal warrior is heavily damaged.
The flame wave engulfs the skeletal warrior!
The skeletal warrior is severely damaged.
The flame wave engulfs the skeletal warrior!
The skeletal warrior is moderately damaged.
You finish channelling waves of flame.
The boulder beetle bites you!!
* * * LOW HITPOINT WARNING * * *
The skeletal warrior closely misses you. x2
Casting: Flame Wave (mildly dangerous; 1% risk of failure)
Confirm with . or Enter, or press ? or * to list all spells.
Casting: Flame Wave (mildly dangerous; 1% risk of failure)
Press: ? - help, Dir - look around, f - activate You feel a strong surge of power!
A wave of flame ripples out!
The flame wave engulfs the boulder beetle!
The boulder beetle is almost dead.
The flame wave engulfs the skeletal warrior!
The skeletal warrior is severely damaged. (Press . to intensify the flame waves.)
* * * LOW HITPOINT WARNING * * *
The boulder beetle barely misses you.
You block the skeletal warrior's attack.
The skeletal warrior hits you with a +0 mace!
* * * LOW HITPOINT WARNING * * *
A wave of flame ripples out!
The flame wave engulfs the boulder beetle!
You kill the boulder beetle!
Makhleb accepts your kill.
The flame wave engulfs the skeletal warrior.
The skeletal warrior is severely damaged.
The flame wave engulfs the skeletal warrior!!
The skeletal warrior is almost destroyed.
* * * LOW HITPOINT WARNING * * *
You block the skeletal warrior's attack.
The skeletal warrior hits you from afar with a +0 glaive.
You die...

#.################
#.# #.# #.# #.#
#.# #.# #†#
####### #@#
....... #z#
####### #z# #z#
#.# # #.#.##
#....# #..#..... .
##...#.## ..


You could see 3 skeletal warriors.

Vanquished Creatures
  Gastronok (Lair:1)
  Kirke (Lair:4)
  Josephine (D:11)
  9 hydras
  5 boulder beetles
  Erica (Lair:1)
  3 two-headed ogres
  A catoblepas (Lair:6)
  A centaur warrior (D:9)
  11 death yaks (Lair:6)
  3 thrashing horrors (Lair:6)
  Urug (Lair:3)
  Sonja (D:11)
  A skeletal warrior (D:12)
  An orc knight (D:11)
  3 ugly things
  2 cyclopes
  2 manticores
  Maurice (D:8)
  2 black mambas (Lair:6)
  A torpor snail (Lair:4)
  19 cane toads
  A gargoyle (D:9)
  A merfolk siren (Lair:3)
  5 rime drakes
  10 komodo dragons
  An efreet (D:9)
  2 ancient zymes (Lair:6)
  3 merfolk (Lair:3)
  A polar bear (Lair:4)
  3 meliai (D:11)
  A queen bee (shapeshifter) (Lair:6)
  3 trolls
  A slime creature (D:9)
  Grinder (Sewer)
  11 blink frogs (Lair:6)
  7 spriggans
  4 wraiths
  2 wyverns
  A ynoxinul (Lair:6)
  7 hogs (Lair:4)
  34 yaks
  2 steam dragons
  4 basilisks
  2 chaos spawn (Lair:6)
  4 nagas (Lair:3)
  Menkaure (D:5)
  An acid dragon (D:12)
  A water moccasin (shapeshifter) (Lair:6)
  Duvessa (D:6)
  13 water moccasins
  4 nameless horrors
  13 orc warriors
  A sky beast (D:6)
  11 black bears
  7 small abominations (Lair:6)
  9 ogres
  7 centaurs
  13 wolves
  A phantom (D:6)
  A kobold brigand (Sewer)
  17 bullfrogs
  3 necrophages
  A gnoll sergeant (D:10)
  A scorpion (D:6)
  10 wights
  Dowan (D:6)
  9 howler monkeys
  2 electric eels
  2 quasits (Sewer)
  9 orc priests
  A hound (D:6)
  2 jellies
  2 gnoll shamans
  Natasha (thrice) (D:4)
  6 iguanas
  11 orc wizards
  13 gnolls
  15 adders
  A shadow imp (Sewer)
  13 white imps
  5 ufetubi
  2 worms
  3 dart slugs
  62 orcs
  10 bats
  11 endoplasms
  3 giant cockroaches
  8 goblins
  17 hobgoblins
  A jackal (D:3)
  27 kobolds
  10 quokkas
  6 ball pythons
  9 frilled lizards
  A kobold zombie (Sewer)
  9 rats
  A bush (Lair:6)
573 creatures vanquished.

Vanquished Creatures (collateral kills)
  A boulder beetle (D:12)
  A two-headed ogre (D:12)
  A thrashing horror (Lair:6)
  A large abomination (Lair:6)
  A cyclops (D:12)
  A smoke demon (Lair:6)
  A small abomination (Lair:6)
  30 foxfires
37 creatures vanquished.

Vanquished Creatures (others)
  An endoplasm (Sewer)
  1976 foxfires
  47 fungi
  45 plants
2069 creatures vanquished.

Grand Total: 2679 creatures vanquished

Notes
Turn   | Place    | Note
-------+----------+-------------------------------------------
     0 | D:1      | siradein the Djinni Fire Elementalist began the quest for
                  | the Orb.
     0 | D:1      | Reached XP level 1. HP: 15/15 MP: 0/0
   119 | D:1      | Reached XP level 2. HP: 16/22 MP: 0/0
   646 | D:1      | Reached XP level 3. HP: 24/26 MP: 0/0
   646 | D:1      | Learned a level 1 spell: Sting
  1202 | D:2      | Reached skill level 1 in Fighting
  1358 | D:2      | Reached skill level 3 in Spellcasting
  1358 | D:2      | Reached XP level 4. HP: 20/32 MP: 0/0
  1975 | D:2      | Found a hide-covered altar of Uskayaw.
  2616 | D:3      | Found a glowing drain.
  2652 | Sewer    | Entered a sewer
  2728 | Sewer    | Reached XP level 5. HP: 37/37 MP: 0/0
  2728 | Sewer    | Learned a level 2 spell: Static Discharge
  3035 | Sewer    | Found a burning altar of Makhleb.
  3043 | Sewer    | Became a worshipper of Makhleb the Destroyer
  3116 | Sewer    | Noticed a kobold brigand
  3170 | Sewer    | Killed a kobold brigand
  3171 | Sewer    | Reached XP level 6. HP: 33/43 MP: 0/0
  3602 | Sewer    | Identified the +7 trident of the Gnashing Madman {freeze,
                  | Fly Int+4 Dex+2 SInv Stlth-}
  3613 | Sewer    | Noticed Grinder
  3617 | Sewer    | Paralysed by Grinder for 2 turns
  3639 | Sewer    | Killed Grinder
  3640 | Sewer    | Reached skill level 4 in Spellcasting
  3640 | Sewer    | Reached XP level 7. HP: 41/49 MP: 0/0
  3640 | Sewer    | Learned a level 3 spell: Ignite Poison
  4126 | D:3      | Found a faded altar of an unknown god.
  4724 | D:3      | Reached * piety under Makhleb
  5381 | D:4      | Reached skill level 1 in Shields
  5399 | D:4      | Reached XP level 8. HP: 53/56 MP: 0/0
  5553 | D:4      | Found a hazy altar of Hepliaklqana.
  5555 | D:4      | Found an ornate altar of the Wu Jian Council.
  5555 | D:4      | Noticed Natasha
  5566 | D:4      | Killed Natasha
  5568 | D:4      | Gained mutation: You occasionally shout uncontrollably at
                  | your foes. [potion of mutation]
  5568 | D:4      | Gained mutation: Your skin changes colour to match your
                  | surroundings (Stealth+). [potion of mutation]
  5671 | D:4      | Noticed Natasha
  5675 | D:4      | Killed Natasha
  5736 | D:4      | Found a shimmering altar of Xom.
  5738 | D:4      | Found a glowing golden altar of the Shining One.
  5844 | D:4      | Noticed Natasha
  5848 | D:4      | Killed Natasha
  5876 | D:4      | Found an opulent altar of Gozag.
  5954 | D:4      | Found a bloodstained altar of Trog.
  5954 | D:4      | Found an iron altar of Okawaru.
  6117 | D:5      | Entered Level 5 of the Dungeon
  6165 | D:5      | Reached ** piety under Makhleb
  6166 | D:5      | Reached skill level 5 in Spellcasting
  6582 | D:5      | Noticed Menkaure
  6587 | D:5      | Killed Menkaure
  6588 | D:5      | Reached skill level 5 in Dodging
  6761 | D:5      | Noticed a +0 hand axe
  6762 | D:5      | Noticed a +0 dagger
  6770 | D:5      | Found a staircase to the Ecumenical Temple.
  7038 | D:5      | Reached skill level 1 in Evocations
  7038 | D:5      | Reached XP level 9. HP: 23/62 MP: 0/0
  7038 | D:5      | Learned a level 4 spell: Passage of Golubria
  7438 | D:5      | Found a hide-covered altar of Uskayaw.
  7562 | D:6      | Lost mutation: Your skin changes colour to match your
                  | surroundings (Stealth+). [potion of mutation]
  7562 | D:6      | Lost mutation: You occasionally shout uncontrollably at
                  | your foes. [potion of mutation]
  7562 | D:6      | Gained mutation: Your spells are a little easier to cast,
                  | but a little less powerful. [potion of mutation]
  7562 | D:6      | Gained mutation: Your muscles are strong. (Str +2) [potion
                  | of mutation]
  7562 | D:6      | Gained mutation: You are agile. (Dex +2) [potion of
                  | mutation]
  7665 | D:6      | Lost mutation: Your muscles are strong. (Str +2) [potion of
                  | mutation]
  7665 | D:6      | Lost mutation: You are agile. (Dex +2) [potion of mutation]
  7665 | D:6      | Lost mutation: Your spells are a little easier to cast, but
                  | a little less powerful. [potion of mutation]
  7665 | D:6      | Gained mutation: You are clumsy. (Dex -2) [potion of
                  | mutation]
  7665 | D:6      | Gained mutation: You are dopey. (Int -2) [potion of
                  | mutation]
  7665 | D:6      | Gained mutation: You are strong-willed. (Will+) [potion of
                  | mutation]
  8163 | D:6      | Reached skill level 6 in Spellcasting
  8379 | D:6      | Noticed Duvessa
  8379 | D:6      | Noticed Dowan
  8400 | D:6      | Killed Duvessa
  8403 | D:6      | Killed Dowan
  8465 | D:6      | Reached *** piety under Makhleb
  8676 | D:6      | Reached skill level 5 in Fighting
  9132 | D:7      | Reached skill level 5 in Stealth
  9288 | D:7      | Reached XP level 10. HP: 65/70 MP: 0/0
  9488 | D:7      | Noticed a cyclops
  9527 | D:7      | Killed a cyclops
 10358 | D:8      | Noticed Maurice
 10368 | D:8      | Killed Maurice
 11224 | D:8      | Reached skill level 7 in Spellcasting
 11316 | D:9      | Noticed an efreet
 11324 | D:9      | Noticed a centaur warrior
 11336 | D:9      | Noticed a white ugly thing
 11528 | D:9      | Found Fev Ezee's Demolitions Depot.
 11856 | D:9      | Killed a white ugly thing
 11857 | D:9      | Reached skill level 5 in Shields
 11914 | D:9      | Reached XP level 11. HP: 43/76 MP: 0/0
 11914 | D:9      | Learned a level 4 spell: Hailstorm
 12107 | D:9      | Noticed a manticore
 12114 | D:9      | Killed a manticore
 12120 | D:9      | Reached **** piety under Makhleb
 12128 | D:9      | Killed a centaur warrior
 12157 | D:9      | Noticed a cyclops
 12163 | D:9      | Killed a cyclops
 12164 | D:9      | Reached skill level 5 in Evocations
 12437 | D:9      | Identified the ring of Xom's Pride {rF- rC+ MP+9 Str+2}
 12860 | D:10     | Entered Level 10 of the Dungeon
 12881 | D:10     | Found a flagged portal.
 12907 | D:10     | Lost mutation: You are strong-willed. (Will+) [potion of
                  | mutation]
 12907 | D:10     | Lost mutation: You are dopey. (Int -2) [potion of mutation]
 12907 | D:10     | Lost mutation: You are clumsy. (Dex -2) [potion of
                  | mutation]
 12907 | D:10     | Gained mutation: Your spells are a little harder to cast,
                  | but a little more powerful. [potion of mutation]
 12914 | Bailey   | Entered a bailey
 12985 | Bailey   | Reached skill level 8 in Spellcasting
 13037 | Bailey   | Noticed a two-headed ogre
 13059 | Bailey   | Killed a two-headed ogre
 13389 | Bailey   | Identified the +4 whip of Fedhas's Esteem {elec, Str+6}
 13511 | D:10     | Found a white marble altar of Elyvilon.
 13556 | D:10     | Reached XP level 12. HP: 75/85 MP: 0/0
 14068 | D:10     | Found a sacrificial altar of Ru.
 14152 | D:10     | Found a broken altar of Ashenzari.
 14689 | D:11     | Noticed a boulder beetle
 14718 | D:11     | Killed a boulder beetle
 14896 | D:11     | Noticed Sonja
 14909 | D:11     | Killed Sonja
 14926 | D:11     | Found a staircase to the Lair.
 15322 | D:11     | Found a staircase to the Orcish Mines.
 15986 | D:11     | Reached ***** piety under Makhleb
 16786 | D:11     | Noticed Josephine
 16795 | D:11     | Killed Josephine
 16942 | D:11     | Reached skill level 9 in Spellcasting
 17152 | Lair:1   | Entered Level 1 of the Lair of Beasts
 17706 | Lair:1   | Noticed Gastronok
 17718 | Lair:1   | Killed Gastronok
 17886 | Lair:1   | Reached XP level 13. HP: 60/92 MP: 0/0
 17886 | Lair:1   | Learned a level 5 spell: Yara's Violent Unravelling
 18268 | Lair:1   | Noticed Erica
 18274 | Lair:1   | Killed Erica
 19006 | Lair:2   | Noticed a four-headed hydra
 19019 | Lair:2   | Killed a four-headed hydra
 20276 | Lair:3   | Noticed Urug
 20289 | Lair:3   | Killed Urug
 20290 | Lair:3   | Reached skill level 10 in Spellcasting
 20420 | Lair:3   | Found a staircase to the Snake Pit.
 20420 | Lair:3   | Noticed a boulder beetle
 20485 | Lair:3   | Killed a boulder beetle
 20838 | Lair:3   | Found a staircase to the Shoals.
 20890 | Lair:3   | Reached skill level 10 in Dodging
 21493 | Lair:4   | Noticed a seven-headed hydra
 21498 | Lair:4   | Killed a seven-headed hydra
 21784 | Lair:4   | Reached XP level 14. HP: 88/101 MP: 0/0
 21963 | Lair:4   | Found a blossoming altar of Fedhas.
 22455 | Lair:4   | Noticed Kirke
 22464 | Lair:4   | Killed Kirke
 22464 | Lair:4   | Reached ****** piety under Makhleb
 23960 | Lair:5   | Found a runed translucent door.
 23960 | Lair:5   | Noticed spaghetti's ghost (journeyman OpFi)
 24574 | Lair:6   | Entered Level 6 of the Lair of Beasts
 24635 | Lair:6   | Reached skill level 11 in Spellcasting
 25431 | Lair:6   | Reached skill level 10 in Fighting
 25453 | Lair:6   | Reached XP level 15. HP: 80/107 MP: 0/0
 25453 | Lair:6   | Learned a level 6 spell: Summon Cactus Giant
 26047 | Lair:6   | Found a one-way gate to the infinite horrors of the Abyss.
 26047 | Lair:6   | Found a corrupted altar of Lugonu.
 26981 | Lair:6   | Found a staircase to the Slime Pits.
 27332 | Lair:6   | Reached skill level 10 in Shields
 27616 | Lair:6   | Identified a scroll of acquirement
 27927 | D:12     | Acquired a +2 pair of gloves of hurling
 28070 | D:12     | Reached skill level 12 in Spellcasting
 28841 | D:12     | HP: 5/109 [skeletal warrior/+0 mace (14)]
 28842 | D:12     | Slain by a skeletal warrior

Illustrated notes

Levels and vault maps discovered:
D:1:      minmay_arrival_hallway, layout_basic
D:2:      layout_loops_ring, basic_altar, minmay_tromino_v4_a
D:3:      minmay_razor_zed, layout_loops_ring, ebering_ecumenical_altar_box,
          gup_sewer_entry_glass, hangedman_decor_peaks_small,
          minmay_joined_circles
D:4:      layout_rooms, grunt_temple_overflow_bloody_war,
          mainiacjoe_overflow_brackets, grunt_temple_overflow_open,
          interstate_on_off, uniq_natasha
D:5:      minmay_opposing_rooms, layout_loops_ring, dancing_weapons_uskayaw,
          minmay_temple_entry_gardened_gates, uniq_menkaure
D:6:      layout_cave_pods, uniq_duvessa
D:7:      layout_loops_ring, mainiacjoe_overflow_catwalk, minmay_three_doors
D:8:      layout_basic, nicolae_elevator_lobby_asterisk, uniq_maurice
D:9:      layout_basic, nicolae_blasting_shop, minmay_radiant
D:10:     layout_loops_cross, nicolae_overflow_hidden_temple,
          nicolae_overflow_crystal_walls, elyvilon_altar_3, enter_bailey_5
D:11:     layout_roguey [special_room_orc], lair_entry_dummy,
          minmay_orc_entry_temple_small, minmay_misc_feat_columns,
          uniq_josephine, uniq_sonja
D:12:     layout_loops_ring
Lair:1:   layout_cave_pods, minmay_stone_trees_small, uniq_erica, uniq_gastronok
Lair:2:   layout_chaotic_city, st_stairs_8, infiniplex_staircase_pool
Lair:3:   layout_hall_layers, elwin_shoals_entry_stream,
          minmay_snake_entry_guardpost_small, beast_lair_carwin_8, uniq_urug
Lair:4:   layout_concentric_octagons, lemuel_centaur_altar, grunt_megastairs_3,
          serial_bayou_shore_b, uniq_kirke
Lair:5:   layout_layer_cave, portal_ice_cave_entry_imps,
          ebering_ghost_inner_flame, serial_bayou_pond_a, serial_bayou_shore_a
Lair:6:   hellmonk_lair_end_abyssal_woods, layout_misc_corridors, slime_dummy,
          fungi_pond_lemuel, infiniplex_staircase_pool_2

Skill      XL: |  1  2  3  4  5  6  7  8  9 10 11 12 13 14 15 |
---------------+----------------------------------------------+-----
Stealth        | 2 3 4 5 6 7 8 |  8.0
Fighting       | 1 2 3 4 5 6 7 8 9 10 | 10.6
Spellcasting   | 3 4 5 6 7 8 9 10 11 12 | 12.0
Dodging        | 3 4 5 6 7 8 9 10 11 | 11.9
Shields        | 1 2 3 5 6 7 8 9 10 | 10.3
Evocations     | 1 2 4 5 6 7 9 |  9.9

Action                   |  1- 3 |  4- 6 |  7- 9 | 10-12 | 13-15 || total
-------------------------+-------+-------+-------+-------+-------++-------
Melee: Staff             |       |       |       |       |     1 ||     1
 Cast: Foxfire           |    55 |   104 |   291 |   329 |   383 ||  1162
       Scorch            |     1 |     3 |    67 |   147 |   120 ||   338
       Inner Flame       |       |       |     3 |    37 |   158 ||   198
       Conjure Flame     |       |       |       |     4 |     4 ||     8
       Hailstorm         |       |       |       |     3 |    22 ||    25
       Flame Wave        |       |       |       |    10 |    21 ||    31
       Yara's Violent Un |       |       |       |       |     4 ||     4
       Passage of Golubr |       |       |       |       |     1 ||     1
       Summon Cactus Gia |       |       |       |       |    16 ||    16
  Use: Scroll            |     4 |     1 |     3 |     5 |     7 ||    20
       Potion            |       |       |     3 |     3 |       ||     6
Armor: Leather armour    |     4 |    22 |    14 |    20 |    38 ||    98
       Robe              |     1 |       |       |       |       ||     1
Dodge: Dodged            |    17 |    41 |    45 |    46 |   151 ||   300
Block: Buckler           |     4 |    12 |    20 |    22 |    51 ||   109

Table legend: (Time is in decaauts)
 A = Elapsed time spent in this place.
 B = Non-inter-level travel time spent in this place.
 C = Inter-level travel time spent in this place.
 D = Time resting spent in this place.
 E = Time spent auto-exploring this place.
 F = Levels seen in this place.
 G = Mean time per level.
                   A        B        C        D        E       F      G
               +--------+--------+--------+--------+--------+-----+--------+
         Total |  28865 |  28273 |    592 |   3245 |  20566 |  20 | 1443.2 |
       Dungeon |  16932 |  16583 |    349 |   1861 |  12267 |  12 | 1411.0 |
          Lair |  10332 |  10089 |    243 |   1245 |   7313 |   6 | 1722.0 |
         Sewer |   1064 |   1064 |      0 |      0 |    714 |   1 | 1064.0 |
        Bailey |    535 |    535 |      0 |    139 |    272 |   1 |  535.0 |
               +--------+--------+--------+--------+--------+-----+--------+

Top non-repeatable levels by time:
    D:11: 2797 daAuts
  Lair:6: 2729 daAuts
  Lair:5: 1885 daAuts
     D:9: 1759 daAuts
  Lair:4: 1677 daAuts
  Lair:3: 1667 daAuts
     D:3: 1565 daAuts
     D:6: 1482 daAuts
     D:5: 1441 daAuts
     D:2: 1439 daAuts
  Lair:1: 1261 daAuts
     D:7: 1202 daAuts
     D:1: 1134 daAuts
     D:8: 1124 daAuts
  Lair:2: 1111 daAuts
